 Dungeon Crawl Stone Soup version 0.24.0-41-g2ae2f7f1be (webtiles) character file.

Game seed: 9572437323435271112, levelgen mode: deterministic

10201 Destapler the Basher (level 11, -7/89 HPs)
             Began as a Minotaur Fighter on Dec 14, 2019.
             Was a High Priest of Hepliaklqana.
             Mangled by a manticore (11 damage)
             ... summoned by an orange crystal statue
             ... on level 11 of the Dungeon on Dec 15, 2019.
             The game lasted 01:00:20 (9338 turns).

Destapler the Basher (Minotaur Fighter)             Turns: 9338, Time: 01:00:20

Health: -7/89      AC: 19    Str: 25    XL:     11   Next: 33%
Magic:  0/13       EV:  9    Int:  5    God:    Hepliaklqana [*****.]
Gold:   871        SH:  0    Dex: 14    Spells: 10/10 levels left

rFire    + . .     SeeInvis .   a - +3 flail (crush)
rCold    . . .     Gourm    .   c - +0 shield
rNeg     + . .     Faith    .   G - +1 scale mail of Wuosofie {rN+ Dex+5}
rPois    +         Spirit   +   (helmet restricted)
rElec    .         Reflect  .   x - +2 cloak
rCorr    .         Harm     .   h - +2 pair of gloves
MR       .....                  q - +1 pair of boots
Stlth    ..........             y - amulet of guardian spirit
HPRegen  0.24/turn              K - ring of poison resistance
MPRegen  0.13/turn              M - ring of protection from fire

@: confused, lightly drained
A: retaliatory headbutt, reduced essence, horns 2
a: Recall Ancestor, Ancestor Identity, Transference, Idealise, Renounce Religion


You were on level 11 of the Dungeon.
You worshipped Hepliaklqana.
Hepliaklqana was extremely pleased with you.
You were not hungry.

You visited 1 branch of the dungeon, and saw 11 of its levels.
You also visited: Bailey.

You collected 1096 gold pieces.
You spent 225 gold pieces at shops.

Inventory:

Hand Weapons
 a - a +3 flail of crushing (weapon)
Missiles
 e - 371 stones
 t - 37 boomerangs (quivered)
 C - 13 javelins
 H - 2 throwing nets
Armour
 c - a +0 shield (worn)
 h - a +2 pair of gloves (worn)
 q - a +1 pair of boots (worn)
 x - a +2 cloak (worn)
 G - the +1 scale mail of Wuosofie (worn) {rN+ Dex+5}
   (You found it on level 10 of the Dungeon)

   It affects your dexterity (+5).
   It protects you from negative energy.
Jewellery
 y - an amulet of guardian spirit (around neck)
 K - a ring of poison resistance (left hand)
 M - a ring of protection from fire (right hand)
Wands
 d - a wand of flame (43)
 v - a wand of iceblast (12)
 B - a wand of paralysis (7)
 F - a wand of disintegration (11)
 N - a wand of digging (7)
Scrolls
 g - 3 scrolls of enchant weapon
 i - a scroll of amnesia
 k - 3 scrolls of teleportation
 m - a scroll of summoning {unknown}
 n - 2 scrolls of identify
 r - a scroll of magic mapping
 u - a scroll of remove curse
 w - a scroll of fear {unknown}
 A - a scroll of silence {unknown}
 J - 2 scrolls of blinking
 O - a scroll of acquirement {unknown}
Potions
 j - a potion of flight
 l - a potion of brilliance
 o - 5 potions of curing
 p - a potion of magic
 s - 2 potions of lignification {unknown}
 z - a potion of ambrosia {unknown}
 D - a potion of invisibility {unknown}
 I - a potion of degeneration {unknown}
 L - a potion of resistance {unknown}
Miscellaneous
 b - a phial of floods
Comestibles
 f - 11 rations


   Skills:
 + Level 10.1(9.9) Fighting
 * Level 12.2(12.1) Maces & Flails
 + Level 10.1(10.0) Armour
 + Level 10.1(9.9) Shields
 + Level 5.1(5.0) Invocations
 * Level 1.1(1.0) Evocations


You had 10 spell levels left.
You didn't know any spells.
Your spell library contained the following spells:

 Spells                   Type           Power        Failure   Level  Hunger
 Beastly Appendage        Tmut           #.....       91%         1    ##.....
 Corona                   Hex            #......      91%         1    ##.....
 Magic Dart               Conj           #...         91%         1    ##.....
 Blink                    Tloc           N/A          97%         2    ###....
 Call Imp                 Summ           #.......     97%         2    ###....
 Ensorcelled Hibernation  Hex/Ice        #.....       97%         2    ###....
 Slow                     Hex            #.......     97%         2    ###....
 Sticks to Snakes         Tmut           #.......     97%         2    ###....
 Confuse                  Hex            #.......     99%         3    ####...
 Conjure Flame            Conj/Fire      #.......     99%         3    ####...
 Dazzling Spray           Conj/Hex       #.....       99%         3    ####...
 Mephitic Cloud           Conj/Pois/Air  #.......     99%         3    ####...
 Spider Form              Tmut/Pois      #.........   99%         3    ####...
 Tukima's Dance           Hex            #.......     99%         3    ####...
 Ice Form                 Ice/Tmut       #.......     100%        4    #####..
 Blade Hands              Tmut           #.........   100%        5    ######.
 Borgnjor's Vile Clutch   Necr/Erth      #.........   100%        5    ######.
 Silence                  Hex/Air        #.........   100%        5    ######.
 Darkness                 Hex            #.........   100%        6    #######
 Shadow Creatures         Summ           N/A          100%        6    #######


Dungeon Overview and Level Annotations

Branches:
Dungeon (11/15)            Temple (0/1) D:5            Lair (0/6) D:8
 Bailey (visited)
    Orc: D:9-12

Altars:
Elyvilon
Gozag
Hepliaklqana
Makhleb
Sif Muna
Vehumet
Wu Jian
Xom
Yredelemnul

Shops:
D:6 [   D:7 !

Annotations:
D:11 3 runed translucent doors, exclusion: orange crystal statue


Innate Abilities, Weirdness & Mutations

You reflexively headbutt those who attack you in melee.
You have a pair of horns on your head.
Your life essence is reduced to manifest your ancestor. (-10% HP)


Message History

The orc hits you but does no damage. ¯\_(ツ)_/¯ hits the orange crystal statue but does no damage.
The orc warrior hits you from afar with a +0 glaive.
Unknown command.
Unknown command.
You're too confused to move!
The orc priest closely misses you. The manticore bites you!
* * * LOW HITPOINT WARNING * * *
The manticore claws you but does no damage.
The manticore barely misses you.
The orc completely misses you. ¯\_(ツ)_/¯ hits the orange crystal statue but does no damage.
The orc closely misses you.
You miss the orc priest.
You headbutt the orc priest, but do no damage.
The orc warrior hits you from afar with a +0 glaive!!
* * * LOW HITPOINT WARNING * * *
The manticore closely misses you. The manticore claws you.
* * * LOW HITPOINT WARNING * * *
The manticore claws you!
You die...

#.....#+#...#..#
#...###.###....# . ###.### ...
###..# #. ##...# .#+#. #..#
#..###...## ###.### ##.##
#........# .#.....#. #..#
#.......##.##.F!..##.##.# ####
#..###..+..+.oo8H..+..+.####..#
. #..##.##.R@o.##.##.......#
##..#..#.o...#..#......<.#
##.##.###.###.##.####...#
#..#...#'#...#.. #...#
#..###.....# #.# #...#
#....###.###... #...#
#......#'#...#. #...#
#..........## #...#
#..###...#..... #...#


You could see the friendly ¯\_(ツ)_/¯ the hexer, an orange crystal statue, a
manticore, an orc warrior, a bullfrog, an orc priest and 2 orcs.

Vanquished Creatures
  An unseen horror (D:10)
  2 orc knights (Bailey)
  Pikel (D:5)
  Maurice (D:8)
  2 trolls
  4 hippogriffs
  7 yaks (D:10)
  Menkaure (D:7)
  A hungry ghost (D:7)
  Duvessa (D:7)
  2 ice beasts
  9 orc warriors
  4 slaves (D:5)
  2 sky beasts
  A hornet zombie (D:6)
  A centaur (D:7)
  A necrophage (D:6)
  2 ogres
  7 bullfrogs
  A gnoll sergeant (D:8)
  Dowan (D:7)
  A scorpion (D:7)
  A howler monkey (D:5)
  3 crimson imps
  5 hounds
  2 orc priests (D:10)
  2 bullfrog zombies
  A gnoll shaman (D:7)
  7 orc wizards
  2 centaur skeletons
  A bullfrog skeleton (D:9)
  9 worker ants
  A hound zombie (D:7)
  5 hound skeletons
  A worker ant zombie (D:9)
  12 gnolls
  10 adders
  An ooze (D:5)
  2 adder skeletons (D:4)
  6 worms
  4 dart slugs
  2 leopard geckos
  35 orcs
  5 bats
  6 giant cockroaches
  8 goblins
  8 hobgoblins
  15 jackals
  20 kobolds
  2 quokkas
  A ball python (D:2)
  A ball python skeleton (D:4)
  4 frilled lizards
  A jackal zombie (D:5)
  A leopard gecko skeleton (D:5)
  4 quokka skeletons
  A quokka zombie (D:5)
  7 rats
249 creatures vanquished.

Vanquished Creatures (collateral kills)
  A two-headed ogre (D:8)
  Joseph (D:8)
  A yak (D:10)
  A phantom (D:7)
  An ice beast (D:5)
  An ogre (D:7)
  2 centaurs
  A hound skeleton (D:4)
  3 gnolls
  7 orcs
  6 jackals
  2 frilled lizards (D:4)
  3 kobolds (Bailey)
30 creatures vanquished.

Vanquished Creatures (others)
  5 hexers
5 creatures vanquished.

Grand Total: 284 creatures vanquished

Notes
Turn   | Place    | Note
-------+----------+-------------------------------------------
     0 | D:1      | Destapler the Minotaur Fighter began the quest for the Orb.
     0 | D:1      | Reached XP level 1. HP: 19/19 MP: 0/0
   140 | D:1      | Reached XP level 2. HP: 27/27 MP: 1/1
   522 | D:1      | Reached skill level 3 in Maces & Flails
   810 | D:1      | Reached XP level 3. HP: 16/33 MP: 2/2
  1225 | D:2      | Reached XP level 4. HP: 40/40 MP: 3/3
  1683 | D:3      | Found a faded altar of an unknown god.
  1683 | D:3      | Found a shimmering blue altar of Sif Muna.
  1689 | D:3      | Found a faded altar of an unknown god.
  1691 | D:3      | Found a shimmering altar of Xom.
  1693 | D:3      | Found a hazy altar of Hepliaklqana.
  1856 | D:3      | Reached XP level 5. HP: 47/47 MP: 4/4
  1890 | D:3      | Became a worshipper of Hepliaklqana the Forgotten
  1963 | D:3      | Found an opulent altar of Gozag.
  2433 | D:4      | Reached skill level 4 in Maces & Flails
  2433 | D:4      | Reached skill level 5 in Armour
  2475 | D:4      | Reached skill level 5 in Fighting
  2475 | D:4      | Reached skill level 5 in Shields
  2503 | D:4      | Noticed an ogre
  2961 | D:3      | Found an opulent altar of Gozag.
  2987 | D:3      | Killed an ogre
  2987 | D:3      | Reached XP level 6. HP: 50/50 MP: 5/5
  3288 | D:4      | Reached * piety under Hepliaklqana
  3525 | D:4      | Noticed a hippogriff
  3539 | D:4      | Killed a hippogriff
  3539 | D:4      | Reached skill level 5 in Maces & Flails
  3539 | D:4      | Reached XP level 7. HP: 38/55 MP: 6/6
  3587 | D:5      | Entered Level 5 of the Dungeon
  3890 | D:5      | Found a white marble altar of Elyvilon.
  3918 | D:5      | Reached ** piety under Hepliaklqana
  3919 | D:5      | Remembered your ancestor ¯\_(ツ)_/¯ as a hexer
  3979 | D:5      | Reached skill level 1 in Invocations
  4053 | D:5      | Found a basalt altar of Yredelemnul.
  4056 | D:5      | Reached skill level 6 in Maces & Flails
  4219 | D:5      | Found a staircase to the Ecumenical Temple.
  4228 | D:5      | Noticed Pikel
  4315 | D:5      | Killed Pikel
  4315 | D:5      | Reached XP level 8. HP: 58/63 MP: 7/9
  4562 | D:6      | Found Ques's Antique Armour Emporium.
  4567 | D:6      | Bought a pair of embroidered gloves for 225 gold pieces
  4652 | D:6      | Reached skill level 7 in Maces & Flails
  4753 | D:6      | Reached *** piety under Hepliaklqana
  4973 | D:6      | Found an ornate altar of the Wu Jian Council.
  5211 | D:7      | Noticed Duvessa
  5212 | D:7      | Noticed Dowan
  5233 | D:7      | Noticed a hippogriff
  5239 | D:7      | Killed a hippogriff
  5239 | D:7      | Reached XP level 9. HP: 61/71 MP: 11/11
  5284 | D:7      | Killed Dowan
  5292 | D:7      | Killed Duvessa
  5306 | D:6      | Reached skill level 8 in Maces & Flails
  5493 | D:7      | Found Cinniof's Distillery.
  5534 | D:7      | Noticed Menkaure
  5544 | D:7      | Killed Menkaure
  5758 | D:7      | Reached skill level 5 in Invocations
  6015 | D:7      | Reached skill level 9 in Maces & Flails
  6233 | D:8      | Noticed a death yak
  6236 | D:8      | Noticed a death yak
  6239 | D:8      | Noticed a death yak
  6240 | D:8      | Noticed a death yak
  6240 | D:8      | Noticed a death yak
  6486 | D:8      | Noticed Joseph
  6509 | D:8      | Killed Joseph
  6509 | D:8      | Reached XP level 10. HP: 71/81 MP: 12/12
  6662 | D:8      | Found a staircase to the Lair.
  6848 | D:8      | Reached **** piety under Hepliaklqana
  6865 | D:8      | Noticed a two-headed ogre
  6877 | D:8      | Killed a two-headed ogre
  6877 | D:8      | Reached skill level 10 in Maces & Flails
  7110 | D:8      | Noticed Maurice
  7132 | D:8      | Killed Maurice
  7452 | D:9      | Found a white marble altar of Elyvilon.
  7699 | D:9      | Found a radiant altar of Vehumet.
  8116 | D:9      | Reached skill level 11 in Maces & Flails
  8119 | D:9      | Found a burning altar of Makhleb.
  8226 | D:10     | Entered Level 10 of the Dungeon
  8226 | D:10     | Found a flagged portal.
  8228 | D:10     | Got a spiked scale mail
  8248 | D:10     | Identified the +1 scale mail of Wuosofie {rN+ Dex+5} (You
                  | found it on level 10 of the Dungeon)
  8355 | Bailey   | Entered a bailey
  8375 | Bailey   | Noticed an orc knight
  8375 | Bailey   | Noticed an orc knight
  8388 | Bailey   | Killed an orc knight
  8395 | Bailey   | Killed an orc knight
  8817 | D:10     | Reached XP level 11. HP: 89/89 MP: 13/13
  9046 | D:10     | Killed an unseen horror
  9046 | D:10     | Reached skill level 10 in Fighting
  9046 | D:10     | Reached skill level 12 in Maces & Flails
  9046 | D:10     | Reached skill level 10 in Armour
  9046 | D:10     | Reached skill level 10 in Shields
  9115 | D:10     | Reached skill level 1 in Evocations
  9271 | D:11     | Reached ***** piety under Hepliaklqana
  9271 | D:11     | Noticed a five-headed hydra
  9279 | D:11     | Found a runed translucent door.
  9294 | D:11     | Found a runed translucent door.
  9306 | D:11     | Found a runed translucent door.
  9316 | D:11     | Found a runed translucent door.
  9320 | D:11     | Noticed an orange crystal statue
  9338 | D:11     | HP: 4/89 [manticore[an orange crystal statue] (5)]
  9338 | D:11     | Mangled by a manticore

Levels and vault maps discovered:
D:1:      ebering_trefoil_3fold, layout_loops_ring, minmay_misc_feat_five
D:2:      layout_rooms, kennysheep_generic_room_4
D:3:      layout_loops_ring, chequers_temple_overflow_minitemple,
          nicolae_gozag_cash_rules_everything_around_me
D:4:      layout_gridville, first_ration, hangedman_decor_peaks_small,
          corexii_leaking_fountain, kennysheep_generic_room_12
D:5:      layout_gridville, kennysheep_ying_yang,
          minmay_temple_entry_glassed_door, uniq_pikel
D:6:      layout_loops_ring, basic_altar, serial_shops, nicolae_shop_trees,
          hangedman_decor_slide_cut
D:7:      layout_loops_cross, serial_shops, kennysheep_mini, uniq_menkaure,
          uniq_duvessa
D:8:      layout_cave_pods, dpeg_lair_monsters, uniq_maurice, uniq_joseph
D:9:      layout_stronghold, marbit_many_paths, vehumet_altar_wand_db,
          basic_altar
D:10:     layout_rooms, enter_bailey_2
D:11:     layout_long_grid, portal_ice_cave_demonic_guard,
          hangedman_pestilent_swarm, minivault_20, minmay_statue_crystal_thing,
          uniq_erolcha

Skill      XL: |  1  2  3  4  5  6  7  8  9 10 11 |
---------------+----------------------------------+-----
Shields        | 4 5 6 7 8 9 10 | 10.1
Fighting       | 4 5 6 7 8 9 10 | 10.1
Armour         | 4 5 6 7 8 9 10 | 10.1
Maces & Flails | 3 4 5 6 7 9 11 12 | 12.2
Invocations    | 3 4 5 |  5.1
Evocations     | 1 |  1.1

Action                   |  1- 3 |  4- 6 |  7- 9 | 10-12 || total
-------------------------+-------+-------+-------+-------++-------
Melee: Flail             |    98 |   150 |   233 |   240 ||   721
       Headbutt          |    13 |    24 |    34 |    54 ||   125
Throw: Boomerang         |       |     3 |     5 |     1 ||     9
Invok: Ancestor Identity |       |     1 |       |       ||     1
       Ancestor Life: He |       |       |     1 |       ||     1
       Recall Ancestor   |       |       |     1 |       ||     1
Evoke: Wand              |       |       |     1 |     6 ||     7
  Use: Potion            |       |     1 |       |     2 ||     3
       Scroll            |       |       |    10 |     5 ||    15
 Stab: Distracted        |       |     1 |     2 |     1 ||     4
       Confused          |       |       |     2 |       ||     2
  Eat: Chunk             |     1 |     8 |    11 |     9 ||    29
Armor: Scale mail        |    51 |    55 |    95 |   133 ||   334
Dodge: Dodged            |    32 |    48 |    58 |    98 ||   236
Block: Shield            |    64 |    73 |   124 |   172 ||   433
